 Dungeon Crawl Stone Soup version 0.31-a0-214-gb37851dbb3 (webtiles) character file.

Game seed: 15682622178731508032

133 qw the Shooter (level 5, -1/30 HPs)
             Began as a Gargoyle Hexslinger on July 1, 2023.
             Slain by a gnoll
             ... wielding a +0 halberd
              (9 damage)
             ... on level 3 of the Dungeon.
             The game lasted 00:01:02 (2685 turns).

qw the Shooter (Gargoyle Hexslinger)                Turns: 2685, Time: 00:01:02

Health: -1/30      AC: 11    Str: 12    XL:     5   Next: 16%
Magic:  6/6        EV: 10    Int: 13    God:
Gold:   115        SH:  0    Dex: 14    Spells: 5/6 levels left

rFire   . . .        Y - +1 sling
rCold   . . .        (no shield)
rNeg    + . .        f - +0 ring mail
rPois   inf          (no helmet)
rElec   +            (no cloak)
rCorr   .            (no gloves)
SInv    .            h - +1 pair of boots
Will    .....        (no amulet)
Stlth   +            (no ring)
HPRegen 0.25/turn    (no ring)
MPRegen 0.10/turn

%: no passive effects
@: no status effects
A: sickness immunity, AC +4, negative energy resistance 1, electricity
resistance, torment resistance 1, petrification resistance
a: no special abilities


You were on level 3 of the Dungeon.
You visited 1 branch of the dungeon, and saw 3 of its levels.

You collected 115 gold pieces.


Innate Abilities, Weirdness & Mutations

You are immune to sickness and miasma.
Your stone body is resilient. (AC +4)
You are immune to poison.
You resist negative energy. (rN+)
You are resistant to electric shocks. (rElec)
You are resistant to unholy torment.
You are immune to petrification.


   Skills:
 - Level 2.0 Fighting
 + Level 4.7 Ranged Weapons
 - Level 1.0 Armour
 - Level 1.5 Dodging
 - Level 1.0 Spellcasting
 - Level 2.6 Hexes


You had 5 spell levels left.
You knew the following spells:

 Your Spells              Type           Power      Damage    Failure   Level
a - Slow                  Hex            28%        N/A       22%         1

Your spell library contained the following spells:

 Spells                   Type           Power      Damage    Failure   Level
 Inner Flame              Hex/Fire       4%         N/A       73%         3
 Portal Projectile        Hex/Tloc       8%         N/A       73%         3
 Cause Fear               Hex            3%         N/A       91%         4

Inventory:

Hand Weapons
 Y - a +1 sling (weapon)
Armour
 f - a +0 ring mail (worn)
 h - a +1 pair of boots (worn)
Jewellery
 d - a ring of fire
 e - a +6 ring of intelligence
 g - an amulet of magic regeneration
Scrolls
 a - 3 scrolls of identify
Potions
 b - a potion of curing
 c - a potion of cancellation {unknown}

Dungeon Overview and Level Annotations

Branches:
Dungeon (3/15)

Altars:


Message History

The sling bullet hits the gnoll but does no damage.
The gnoll is heavily wounded.
The gnoll completely misses you.
You shoot a sling bullet.
The sling bullet closely misses the gnoll.
The sling bullet hits the gnoll.
The gnoll is heavily wounded.
The gnoll hits you but does no damage.
You shoot a sling bullet. The sling bullet hits the gnoll.
The gnoll is almost dead.
The gnoll hits you with a +0 flail. x2
You shoot a sling bullet. The sling bullet hits the gnoll!
You kill the gnoll!
You have reached level 5!
You shoot a sling bullet.
The sling bullet barely misses the gnoll.
The sling bullet hits the gnoll but does no damage.
The gnoll hits you with a +0 club.
You shoot a sling bullet. The sling bullet hits the gnoll.
The gnoll is almost dead.
The gnoll hits you but does no damage. The gnoll closely misses you.
You shoot a sling bullet. The sling bullet hits the gnoll.
You kill the gnoll!
The gnoll barely misses you. The gnoll closely misses you.
You shoot a sling bullet.
The sling bullet closely misses the gnoll.
The gnoll misses you.
You shoot a sling bullet.
The sling bullet closely misses the gnoll.
The gnoll closely misses you.
You shoot a sling bullet.
The sling bullet barely misses the gnoll.
The gnoll hits you but does no damage. x2
You shoot a sling bullet. The sling bullet hits the gnoll.
The gnoll is moderately wounded.
The gnoll hits you from afar with a +0 halberd.
You shoot a sling bullet. The sling bullet hits the gnoll.
The gnoll is moderately wounded.
The gnoll hits you from afar with a +0 halberd!
You die...

###########
...).g)@..#
##########.##
#...# #.#
#.#.# #.# ###
#.#.# #.# ..#
#.#.# #.# ..#
#.#.# #.# ..+
#.#.# #.# ..#
#.#.# #.#


You could see a gnoll.

Vanquished Creatures
  3 gnolls (D:3)
  2 adders (D:2)
  2 worms
  2 dart slugs
  6 orcs (D:3)
  7 bats
  4 endoplasms
  4 giant cockroaches
  6 goblins
  8 hobgoblins
  3 quokkas
  8 ball pythons
  6 frilled lizards
  3 kobolds (D:1)
  10 rats
74 creatures vanquished.

Notes
Turn   | Place    | Note
-------+----------+-------------------------------------------
     0 | D:1      | qw the Gargoyle Hexslinger began the quest for the Orb.
     0 | D:1      | Reached XP level 1. HP: 12/12 MP: 2/2
     0 | D:1      | 0 ||| qw: Version: 0.3-a-32-g5962c71
     0 | D:1      | 0 ||| qw: Game counter: 7338
     0 | D:1      | 0 ||| qw: Melee chars always use a shield: true
     0 | D:1      | 0 ||| qw: God list: Okawaru
     0 | D:1      | 0 ||| qw: Allow faded altars: false
     0 | D:1      | 0 ||| qw: Do Orc after clearing Dungeon:15 true
     0 | D:1      | 0 ||| qw: Do second Lair branch before Depths: true
     0 | D:1      | 0 ||| qw: Lair rune preference: random
     0 | D:1      | 0 ||| qw: Goals: Normal
     0 | D:1      | 0 ||| PLANNING D:1-11
   186 | D:1      | Reached XP level 2. HP: 15/16 MP: 3/3
   252 | D:1      | Reached skill level 3 in Ranged Weapons
   260 | D:1      | You fall into a shaft and drop 1 floor!
   275 | D:2      | 275 ||| UPGRADING to +0 ring mail.
   285 | D:2      | 285 ||| DROPPING +0 robe.
   286 | D:2      | 286 ||| UPGRADING to +1 pair of boots.
   291 | D:2      | 291 ||| READING 2 scrolls labelled USERE IRPHI.
   292 | D:2      | 292 ||| READING scroll labelled LESKAEMUNN.
   293 | D:2      | 293 ||| READING scroll labelled KUECOL EMEYM.
   294 | D:2      | 294 ||| DROPPING scroll of poison.
   644 | D:1      | Reached XP level 3. HP: 21/21 MP: 4/4
   907 | D:1      | 907 ||| READING scroll labelled IDUALA XOORO.
   954 | D:2      | Reached skill level 1 in Armour
  1499 | D:2      | Reached XP level 4. HP: 26/26 MP: 5/5
  1875 | D:2      | 1875 ||| READING scroll labelled ZOZOMO JOED.
  1876 | D:2      | 1876 ||| READING scroll labelled LYHYIWK PABLAU.
  1877 | D:2      | 1877 ||| DRINKING 2 red potions.
  1878 | D:2      | 1878 ||| READING 4 scrolls of identify.
  1878 | D:2      | 1878 ||| IDENTIFYING fuming yellow potion
  1879 | D:2      | 1879 ||| DROPPING potion of lignification.
  2027 | D:3      | Reached skill level 4 in Ranged Weapons
  2678 | D:3      | Reached XP level 5. HP: 12/30 MP: 6/6
  2684 | D:3      | HP: 7/30 [gnoll/+0 halberd (3)]
  2685 | D:3      | Slain by a gnoll

Levels and vault maps discovered:
D:1:      dpeg_arrival_pond, layout_basic
D:2:      wad_crossroads, layout_basic, minmay_small_reverse_x
D:3:      layout_basic, dreamdust_mushroom_princess

Skill      XL: |  1  2  3  4 |
---------------+-------------+-----
Ranged Weapons | 3 4 |  4.7
Fighting       | 2 |  2.0
Armour         | 1 |  1.0
Dodging        | |  1.5
Spellcasting   | |  1.0
Hexes          | |  2.6

Action                     |  1- 3 |  4- 6 || total
---------------------------+-------+-------++-------
   Fire: Sling             |   161 |   107 ||   268
    Use: Scroll            |     4 |     3 ||     7
         Potion            |       |     1 ||     1
 Armour: Robe              |     7 |       ||     7
         Ring mail         |    43 |    38 ||    81
  Dodge: Dodged            |    74 |    39 ||   113

Table legend:
 A = Non-vault XP
 B = Vault XP
 C = Vault XP percentage of total XP
 D = Non-vault monster count
 E = Vault monster count
 F = Vault count percentage of total count
                 A         B        C        D         E       F
            +---------+---------+-------+---------+---------+-------
      Total |     168 |      23 |  12.0 |      66 |       8 |  10.8
            +---------+---------+-------+---------+---------+-------
        D:1 |      42 |       0 |   0.0 |      28 |       0 |   0.0
        D:2 |      37 |      23 |  38.3 |      13 |       8 |  38.1
        D:3 |      89 |       0 |   0.0 |      25 |       0 |   0.0
            +---------+---------+-------+---------+---------+-------
